[Event "Early-Titled-Tuesday-Blitz-February-13-2024"]
[Site "Chess.com"]
[Date "2024.02.13"]
[Round "8"]
[White "wild3000"]
[Black "Pertinhez76"]
[Result "0-1"]
[WhiteElo "2367"]
[BlackElo "2172"]
[TimeControl "180+1"]
[EndTime "9:31:34 PST"]
[Termination "Pertinhez76 won by resignation"]

1. a4 e5 2. h4 d5 3. h5 h6 4. a5 a6 5. d3 Nf6 6. Nc3 Nc6 7. e4 Bb4 8. exd5 Nxd5 9. Bd2 Bxc3 10. bxc3 O-O 11.
Be2 Re8 12. Bf3 Be6 13. Ne2 Qf6 14. Ng3 Rab8 15. Ne4 Qe7 16. c4 Nf4 17. g3 f5 18.
Nc3 e4 19. Bxf4 exf3 20. O-O Nd4 21. Be3 c5 22. Re1 Qf6 23. Bxd4 Qxd4 24. Na4 f4 25.
Qxf3 fxg3 26. Qxg3 Bf7 27. c3 Qf6 28. Nxc5 Bxh5 29.
Nd7 Qxc3 30. Rec1 Qd4 31. Nxb8 Re5 32. Kf1 Be2+ 33. Kg2 Rg5 34. c5 Qd5+ 35. Kg1 Rxg3+ 36. fxg3 Qe5 37. Kf2 Bg4 38. c6 Qe2+ 39. Kg1 Bh3 0-1

[Event "Early-Titled-Tuesday-Blitz-February-13-2024"]
[Site "Chess.com"]
[Date "2024.02.13"]
[Round "8"]
[White "FREDERICKtheMATE"]
[Black "evgchess5"]
[Result "1-0"]
[WhiteElo "2694"]
[BlackElo "2947"]
[TimeControl "180+1"]
[EndTime "9:31:37 PST"]
[Termination "FREDERICKtheMATE won on time"]

1. d4 Nf6 2. c4 e6 3. Nf3 d5 4. Nc3 Bb4 5. Qa4+ Nc6 6. e3 O-O 7. Bd2 a5 8. a3 Bxc3 9. Bxc3 Ne7 10. Qc2 b6 11. Bd3 dxc4 12. Bxc4 Bb7 13. O-O Ne4 14. Ne5 Nf5 15. Bd3 Nxc3 16. Qxc3 Nh4 17. Nc6 Qd6 18. Rac1 Kh8 19. g3 Nf3+ 20. Kg2 Qd5 21.
e4 Qh5 22. h3 Bxc6 23. g4 Qh6 24. Qxc6 Qf4 25. Qxc7 e5 26. Rh1 Nxd4 27. Qc3 h5 28.
Bc4 Rac8 29. Qe3 1-0

[Event "Early-Titled-Tuesday-Blitz-February-13-2024"]
[Site "Chess.com"]
[Date "2024.02.13"]
[Round "8"]
[White "traviscottofficial"]
[Black "malakismayil"]
[Result "1-0"]
[WhiteElo "2670"]
[BlackElo "2517"]
[TimeControl "180+1"]
[EndTime "9:31:37 PST"]
[Termination "traviscottofficial won on time"]

1. Nf3 d5 2. c4 e6 3. cxd5 exd5 4. b3 Nf6 5. Bb2 Bd6 6. g3 O-O 7. Bg2 Re8 8. O-O c6 9. d3 Bg4 10. Nbd2 Nbd7 11. Re1 h6 12. Qc2 Qb6 13. e4 Bc5 14. Re2 Rad8 15. d4 dxe4 16. dxc5 Nxc5 17. Bxf6 exf3 18. Bxd8 fxe2 19. Bxb6 e1=Q+ 20. Rxe1 Rxe1+ 21. Bf1 axb6 22. f3 Be6 23. Kf2 Re5 24. Nc4 Rh5 25.
h4 b5 26. Ne3 Nd7 27. Qd2 Rc5 28. b4 Re5 29. Qd6 Kh7 30. Bd3+ g6 31. f4 Rh5 32. Qe7 Nf6 33. Qxf6 1-0

[Event "Early-Titled-Tuesday-Blitz-February-13-2024"]
[Site "Chess.com"]
[Date "2024.02.13"]
[Round "8"]
[White "Attacker_2006"]
[Black "egnfanclub"]
[Result "1-0"]
[WhiteElo "2482"]
[BlackElo "2355"]
[TimeControl "180+1"]
[EndTime "9:31:37 PST"]
[Termination "Attacker_2006 won by resignation"]

1. e4 e5 2. Nf3 Nc6 3. Bc4 Nf6 4. Ng5 d5 5. exd5 Nd4 6. c3 b5 7. Bf1 Nxd5 8. cxd4 Qxg5 9. Bxb5+ Kd8 10. O-O Bb7 11. Qf3 exd4 12. d3 Qg6 13. Re1 Bd6 14. Bc4 c6 15.
Nd2 Nf6 16. Ne4 Nxe4 17. dxe4 f6 18. Be6 Qe8 19. Qb3 Rb8 20. Qc4 c5 21. Bd2 Ke7 22. f4 Bc6 23. e5 fxe5 24. fxe5 Bc7 25. Bg5+ 1-0

[Event "Early-Titled-Tuesday-Blitz-February-13-2024"]
[Site "Chess.com"]
[Date "2024.02.13"]
[Round "8"]
[White "jcibarra"]
[Black "Yan_Dyomin2010"]
[Result "1-0"]
[WhiteElo "2942"]
[BlackElo "2595"]
[TimeControl "180+1"]
[EndTime "9:31:38 PST"]
[Termination "jcibarra won by resignation"]

1. e4 c5 2. Nf3 Nc6 3. Nc3 g6 4. d4 cxd4 5. Nxd4 Bg7 6. Be3 Nf6 7. Bc4 O-O 8. Bb3 d6 9. f3 Nxd4 10. Bxd4 Be6 11. Qd2 Bxb3 12. axb3 a6 13. h4 h5 14. g4 hxg4 15. h5 e5 16. h6 Nh5 17.
hxg7 Re8 18. Qh6 f5 19. Qxg6 Qf6 20. Qxh5 exd4 21. Nd5 Qxg7 22. Qxf5 Re5 23. Qxg4 Qxg4 24. fxg4 Rxe4+ 25. Kd2 Re5 26. Nf6+ Kg7 27. Raf1 Kg6 28. Nh5 Kg5 29. Nf4 Rae8 30. Rh2 Re3 31. Nd5 R3e5 32.
Rh5+ Kg6 33. Nf4+ Kg7 34. Kd3 Re3+ 35. Kxd4 Rg3 36. Rg5+ Kh6 37. Rg6+ 1-0

[Event "Early-Titled-Tuesday-Blitz-February-13-2024"]
[Site "Chess.com"]
[Date "2024.02.13"]
[Round "8"]
[White "GMBenjaminBok"]
[Black "DenLaz"]
[Result "0-1"]
[WhiteElo "2975"]
[BlackElo "3063"]
[TimeControl "180+1"]
[EndTime "9:31:39 PST"]
[Termination "DenLaz won on time"]

1. d4 f5 2. g3 Nf6 3. Bg2 g6 4. Nf3 Bg7 5. O-O O-O 6. c4 d6 7. Nc3 c6 8. b3 Qc7 9. Re1 e5 10. e4 fxe4 11. Nxe4 Nxe4 12. Rxe4 Bf5 13. Re3 Bg4 14. Bb2 Nd7 15. h3 Bxf3 16. Rxf3 Rxf3 17. Bxf3 Rf8 18. Kg2 Qb6 19. Bg4 Nf6 20. Be6+ Kh8 21. dxe5 dxe5 22. Qe2 Re8 23. Qxe5 Nh5 24. Qe2 c5 25. Re1 Bxb2 26. Qxb2+ Ng7 27. Qf6 Qc6+ 28. Kh2 Qd6 29. Re3 b6 0-1

[Event "Early-Titled-Tuesday-Blitz-February-13-2024"]
[Site "Chess.com"]
[Date "2024.02.13"]
[Round "8"]
[White "Kirill_Klukin"]
[Black "Trendle"]
[Result "1-0"]
[WhiteElo "2817"]
[BlackElo "2627"]
[TimeControl "180+1"]
[EndTime "9:31:41 PST"]
[Termination "Kirill_Klukin won by resignation"]

1. d4 e6 2. Nf3 f5 3. c4 Nf6 4. Nc3 Bb4 5. Bd2 O-O 6. g3 b6 7. Bg2 Bb7 8. O-O a5 9. a3 Bd6 10. Qc2 Nc6 11. d5 Ne5 12. Nb5 Nxf3+ 13. Bxf3 Be5 14. dxe6 Bxf3 15. exf3 c6 16. Rfe1 d6 17.
Nc3 Qe7 18. Be3 Qxe6 19. Bxb6 Qxc4 20. Qxf5 Rab8 21. Bxa5 Rxb2 22. Rac1 g6 23. Qh3 Qa6 24. Bb4 Qa7 25. Nd1 Ra2 26. Qe6+ Kg7 27. Rxe5 Ng4 28. Qe7+ Rf7 29. Qxa7 Rxa7 30. Re1 Ne5 31. Bc3 1-0

[Event "Early-Titled-Tuesday-Blitz-February-13-2024"]
[Site "Chess.com"]
[Date "2024.02.13"]
[Round "8"]
[White "soloderisas"]
[Black "kibromNNN"]
[Result "1-0"]
[WhiteElo "2530"]
[BlackElo "1812"]
[TimeControl "180+1"]
[EndTime "9:31:41 PST"]
[Termination "soloderisas won by resignation"]

1. d4 Nf6 2. Nf3 e6 3. Bf4 d5 4. e3 c5 5. c3 Bd6 6. Bg3 O-O 7.
Nbd2 cxd4 8. exd4 b6 9. Bd3 Ba6 10. Bc2 Nc6 11. Ne5 Ne7 12. Bh4 Ng6 13. Bxf6 gxf6 14.
Nef3 e5 15. Nf1 e4 16. N3d2 f5 17. Qh5 f4 18. O-O-O f5 19. Bb3 Bb7 20. g3 Kg7 21. Rg1 a5 22. g4 a4 23. gxf5 Qf6 24. fxg6 hxg6 25. Bxd5 Rh8 26. Rxg6+ Qxg6 27. Qxg6+ Kxg6 28. Bxb7 Rae8 29. Bxe4+ Kf6 30. f3 Rc8 31. Kc2 b5 32.
Kd3 Rh3 33. Re1 Be7 34. Bd5 Kg7 35. Rxe7+ Kf6 36. Re6+ Kg7 37. Rb6 Rd8 38. Be4 1-0

[Event "Early-Titled-Tuesday-Blitz-February-13-2024"]
[Site "Chess.com"]
[Date "2024.02.13"]
[Round "8"]
[White "HajiyevKanan"]
[Black "atomicmate123"]
[Result "1-0"]
[WhiteElo "2504"]
[BlackElo "2338"]
[TimeControl "180+1"]
[EndTime "9:31:41 PST"]
[Termination "HajiyevKanan won by resignation"]

1. d4 d5 2. c4 e6 3. cxd5 exd5 4. Nc3 Nf6 5. Qc2 c6 6. Bg5 Bd6 7. e3 Bg4 8. Bd3 Nbd7 9. Nf3 Bh5 10. O-O Bg6 11.
Rab1 O-O 12. Bxg6 hxg6 13. b4 Qc7 14. Rfc1 Qb8 15. b5 Ne4 16. bxc6 Nxg5 17. Nxg5 Qd8 18. cxd7 Qxg5 19. Rxb7 Rfd8 20. Qb3 Qf5 21. Qxd5 Qxd5 22. Nxd5 f5 23. Rc6 Ba3 24. Rxg6 Kf7 25. Ra6 Rab8 26.
Raxa7 Rxb7 27. Rxb7 Ke6 28. Nf4+ Kd6 29. h4 Kc6 30.
Ra7 Be7 31. Ne6 Rh8 32. d8=Q Bxd8 33. Ra8 Kd7 34. Rxd8+ Rxd8 35. Nxd8 Kxd8 36. Kh2 Kd7 37. Kg3 Kc6 38. Kf4 Kd5 39. Kxf5 1-0

[Event "Early-Titled-Tuesday-Blitz-February-13-2024"]
[Site "Chess.com"]
[Date "2024.02.13"]
[Round "8"]
[White "LaPiToB"]
[Black "ploxoi"]
[Result "0-1"]
[WhiteElo "2307"]
[BlackElo "2445"]
[TimeControl "180+1"]
[EndTime "9:31:41 PST"]
[Termination "ploxoi won by checkmate"]

1. d4 e6 2. c4 d5 3. Nf3 c6 4. Nc3 dxc4 5. a4 Bb4 6. e3 b5 7.
axb5 cxb5 8. Bd2 Bxc3 9. Bxc3 a5 10. b3 Bb7 11. bxc4 b4 12. Bb2 Nf6 13. Bd3 Nbd7 14.
O-O O-O 15. Re1 Re8 16. e4 e5 17. d5 Qc7 18. Bf1 Qd6 19. Nh4 g6 20. Qf3 Nc5 21. Bc1 a4 22. Bg5 Kg7 23. Bd3 h6 24. Be3 Nxd3 25.
Red1 Nc5 26. Qh3 Nfxe4 27. Bxh6+ Kg8 28. Nf3 Bc8 29. Qh4 Bf5 30. Bg5 Nxg5 31. Nxg5 Qf6 32.
Qh7+ Kf8 33. d6 Qg7 34. Qh4 f6 35. Nh7+ Kf7 36. d7 Red8 37. Rd6 Ne4 38. Rad1 a3 39. f3 Nxd6 40. Rxd6 Be6 41. Nxf6 Qxf6 42. Qh7+ Qg7 43.
Qh4 a2 44. Kf2 a1=Q 45. Kg3 Qe1# 0-1

[Event "Early-Titled-Tuesday-Blitz-February-13-2024"]
[Site "Chess.com"]
[Date "2024.02.13"]
[Round "8"]
[White "fabianvivasz"]
[Black "Qingdom"]
[Result "1/2-1/2"]
[WhiteElo "2346"]
[BlackElo "2183"]
[TimeControl "180+1"]
[EndTime "9:31:42 PST"]
[Termination "Game drawn by agreement"]

1. e4 c5 2. Nf3 Nc6 3. d4 cxd4 4. Nxd4 e5 5. Nb5 d6 6. c4 Be7 7. N1c3 a6 8. Na3 Nf6 9. Nc2 O-O 10. Be2 Be6 11.
O-O Rb8 12. f3 Na5 13. b3 Qc7 14. Be3 b5 15. Nb4 Qc8 16. Ncd5 Bxd5 17. cxd5 Qb7 18. Rc1 Rfc8 19. Qd2 Nd7 20. Rxc8+ Rxc8 21. Rc1 Rxc1+ 22. Qxc1 Bd8 23. Nc6 Qc7 24. b4 Nxc6 25. dxc6 Nb8 26.
a4 Qxc6 27. Qxc6 Nxc6 28. axb5 axb5 29. Bxb5 Nxb4 30. g3 Kf8 31. Bd2 Bb6+ 32. Kf1 Bc5 33. Bxb4 Bxb4 34. Ke2 Ke7 35. Kd3 g6 36. Bc4 f5 37. Bg8 h6 38. Bh7 Kf6 39. Bg8 fxe4+ 40. Kxe4 Bc5 41. h4 g5 42. hxg5+ Kxg5 43. f4+ exf4 44.
gxf4+ Kf6 45. Bd5 h5 46. Kf3 Kf5 47. Be4+ Kf6 48. Bd5 Kf5 49. Be4+ Ke6 50. Bg6 h4 51. Kg4 Be3 52. f5+ Kf6 53. Kxh4 d5 54. Kg3 d4 55.
Kf3 Bg5 56. Ke4 Be3 57. Kd3 Bg1 58. Bh7 Bf2 1/2-1/2

[Event "Early-Titled-Tuesday-Blitz-February-13-2024"]
[Site "Chess.com"]
[Date "2024.02.13"]
[Round "8"]
[White "ChristopherYoo"]
[Black "ChessQueen"]
[Result "1-0"]
[WhiteElo "2964"]
[BlackElo "2682"]
[TimeControl "180+1"]
[EndTime "9:31:43 PST"]
[Termination "ChristopherYoo won by resignation"]

1. e4 e5 2. Nf3 Nf6 3. Nxe5 d6 4. Nf3 Nxe4 5. d4 d5 6. Bd3 Bd6 7. c4 c6 8. O-O O-O 9. Qc2 Re8 10. Nc3 Bg4 11. Nxe4 dxe4 12. Bxe4 Bxf3 13. Bxf3 Qh4 14. g3 Qxd4 15. Rd1 Qf6 16. Be4 Bc5 17. Bxh7+ Kh8 18. Bf5 Na6 19. a3 Re5 20. Bg4 Rae8 21. Bf4 Re4 22.
Rd3 g5 23. Bd7 R8e7 24. Be3 Bxe3 25. fxe3 Nc5 26. Rf1 Qg7 27. Bf5 Rxe3 28. Rd8+ Re8 29. Qd2 Qe5 30. Rxe8+ Qxe8 31. Qd4+ Re5 32. Qg4 f6 33.
Qh3+ Kg8 34. Qh6 Qe7 35. Bg4 Re1 36. Qg6+ Kf8 37. Qh6+ Kg8 38. Qg6+ Kf8 39. Bf3 Rxf1+ 40. Kxf1 Qd6 41. Qh6+ Kg8 42. Be2 Ne4 43. Qg6+ 1-0

[Event "Early-Titled-Tuesday-Blitz-February-13-2024"]
[Site "Chess.com"]
[Date "2024.02.13"]
[Round "8"]
[White "Tolyanius"]
[Black "JonaszBaum"]
[Result "1-0"]
[WhiteElo "2526"]
[BlackElo "2644"]
[TimeControl "180+1"]
[EndTime "9:31:43 PST"]
[Termination "Tolyanius won by checkmate"]

1. e4 c5 2. Nf3 Nc6 3. Bb5 a6 4.
Bxc6 dxc6 5. O-O Qc7 6. a4 a5 7. b3 e5 8. Bb2 f6 9. Nh4 Nh6 10. f4 Bg4 11. Qe1 Bd6 12. Na3 Be6 13. Nf5 Bxf5 14.
exf5 O-O 15. Nc4 exf4 16. Qe6+ Nf7 17. Rae1 f3 18. Nxd6 Qxd6 19. Rxf3 Qxd2 20. Rg3 Qd5 21. Rxg7+ Kh8 22. Qxf6 Ne5 23. Rf7+ Kg8 24. Qg7# 1-0

[Event "Early-Titled-Tuesday-Blitz-February-13-2024"]
[Site "Chess.com"]
[Date "2024.02.13"]
[Round "8"]
[White "Alexchess1984"]
[Black "Fjal"]
[Result "1-0"]
[WhiteElo "2626"]
[BlackElo "2242"]
[TimeControl "180+1"]
[EndTime "9:31:43 PST"]
[Termination "Alexchess1984 won by resignation"]

1. e4 d6 2. d4 g6 3. Nc3 Bg7 4. Be3 c6 5. Qd2 Qa5 6. Nf3 b5 7. h4 Nf6 8. Bd3 Ng4 9. Bf4 e5 10. dxe5 dxe5 11. Bg3 h5 12. O-O O-O 13. Rfb1 Be6 14.
b4 Qb6 15. a4 Rd8 16. axb5 cxb5 17. Nxb5 Nc6 18. Qe2 f6 19. Bc4 Bxc4 20. Qxc4+ Kh7 21.
Nc3 Nd4 22. Nd5 Rxd5 23. exd5 Nxf3+ 24. gxf3 Nh6 25. Ra6 Qb7 26. Qc6 Rb8 27. Qxb7 Rxb7 28. c4 Nf5 29. d6 Bf8 30. c5 Nd4 31. c6 Rb6 32. Rxb6 axb6 33. c7 1-0

[Event "Early-Titled-Tuesday-Blitz-February-13-2024"]
[Site "Chess.com"]
[Date "2024.02.13"]
[Round "8"]
[White "arnash_bauyrzhan"]
[Black "Cambek64"]
[Result "0-1"]
[WhiteElo "2245"]
[BlackElo "2498"]
[TimeControl "180+1"]
[EndTime "9:31:43 PST"]
[Termination "Cambek64 won by resignation"]

1. e4 e6 2. d4 d5 3. Nd2 Nc6 4. Ngf3 Nf6 5. e5 Nd7 6. Bd3 Nb4 7. Qe2 c5 8. c3 Nxd3+ 9. Qxd3 b6 10. O-O Be7 11. Re1 O-O 12. Nf1 a5 13. Bf4 Ba6 14. Qd2 cxd4 15. cxd4 Bxf1 16. Rxf1 Qc7 17. Rac1 Qb7 18.
Bg5 Bxg5 19. Qxg5 Rac8 20. Qe7 h6 21. h3 Rxc1 22. Rxc1 Rc8 23. Rc3 Rxc3 24. bxc3 Qc8 25. Qd6 Nf8 26. Qxb6 Qxc3 27. a4 Ng6 28. Qb8+ Kh7 29.
Qe8 Qc1+ 30. Kh2 Qf4+ 31. Kh1 Qf5 32. Qb5 Nf4 33. Qxa5 Nxh3 34. gxh3 Qxf3+ 35. Kg1 Qd1+ 36. Kg2 Qxd4 37. Qc7 Qxa4 38. Qxf7 Qe4+ 39. Kg1 Qxe5 40. Qf3 Qf5 41. Qc3 e5 42. Qc5 d4 0-1

[Event "Early-Titled-Tuesday-Blitz-February-13-2024"]
[Site "Chess.com"]
[Date "2024.02.13"]
[Round "8"]
[White "Gryffindorac8"]
[Black "InadaC"]
[Result "1-0"]
[WhiteElo "2401"]
[BlackElo "2197"]
[TimeControl "180+1"]
[EndTime "9:31:45 PST"]
[Termination "Gryffindorac8 won by checkmate"]

1. d4 Nf6 2. c4 e6 3. Nf3 b6 4. g3 Bb7 5. Bg2 d5 6. O-O Be7 7. cxd5 Bxd5 8. Nc3 Bb7 9. Qc2 O-O 10. Bg5 Nbd7 11. Rfd1 h6 12. Bxf6 Nxf6 13. Ne5 Bxg2 14. Kxg2 Nd5 15. Nxd5 Qxd5+ 16. e4 Qd8 17. Rac1 Rc8 18.
Nc6 Qd6 19. Nxa7 Ra8 20. Nb5 Qb4 21. Nc3 c5 22. d5 Bf6 23. a3 Qa5 24. dxe6 fxe6 25.
Qb3 Rfe8 26. Nb5 Re7 27. Rd6 Rae8 28. Rcd1 Be5 29. Rd8 Rxd8 30. Rxd8+ Kf7 31. Qf3+ Bf6 32. Nd6+ Kg6 33. e5 Bg5 34. Qe4+ Kh5 35. Nc4 Qa7 36. Nd2 Qb7 37. g4+ Kh4 38. Nf3# 1-0

[Event "Early-Titled-Tuesday-Blitz-February-13-2024"]
[Site "Chess.com"]
[Date "2024.02.13"]
[Round "8"]
[White "noblerone"]
[Black "JEIGOTH"]
[Result "0-1"]
[WhiteElo "2464"]
[BlackElo "2267"]
[TimeControl "180+1"]
[EndTime "9:31:46 PST"]
[Termination "JEIGOTH won on time"]

1. d4 d6 2. Nf3 Nd7 3. Nc3 e5 4. e4 Ngf6 5. Bc4 Be7 6. Bxf7+ Kxf7 7. Ng5+ Kg8 8. Ne6 Qe8 9. Nxc7 Qg6 10. Nxa8 Qxg2 11.
Rf1 exd4 12. Qxd4 Ne5 13. f4 Bh3 14. Rf2 Qg1+ 15. Ke2 Bg4+ 16. Ke3 Be6 17. fxe5 dxe5 18. Qxa7 Ng4+ 19. Ke2 Bc4+ 20. Kf3 h5 21. Bg5 Qxa1 22. Rd2 Qf1+ 23. Kg3 Bxg5 24. Qb8+ Kh7 0-1

[Event "Early-Titled-Tuesday-Blitz-February-13-2024"]
[Site "Chess.com"]
[Date "2024.02.13"]
[Round "8"]
[White "Sina_Movahed"]
[Black "dropstoneDP"]
[Result "1-0"]
[WhiteElo "3007"]
[BlackElo "3061"]
[TimeControl "180+1"]
[EndTime "9:31:48 PST"]
[Termination "Sina_Movahed won on time"]

1. Nf3 d5 2. c4 d4 3. b4 c5 4. g3 Nf6 5. Bg2 Qc7 6. O-O e5 7. d3 cxb4 8. e3 dxe3 9. Bxe3 Nc6 10. a3 Be7 11. axb4 Bxb4 12. Qb3 O-O 13. Nc3 Bxc3 14. Qxc3 Re8 15. Rfe1 Bg4 16. Ng5 Rad8 17. Ne4 Nxe4 18. Bxe4 Nd4 19. Bxd4 exd4 20. Qb2 b6 21. Bd5 Be6 22. Qxd4 Bxd5 23. Qxd5 Rxe1+ 24. Rxe1 g6 25. Qf3 Qd6 26. Re3 a6 27. Qb7 Qa3 28. Rf3 Rf8 29. Qxb6 a5 30. Kg2 a4 31. d4 Qc1 32. Qa6 Qd1 33.
d5 Qc2 34. h4 h5 35. Rf4 Qb3 36. d6 a3 37. Rf3 Qd1 38. Qxa3 1-0

[Event "Early-Titled-Tuesday-Blitz-February-13-2024"]
[Site "Chess.com"]
[Date "2024.02.13"]
[Round "8"]
[White "HelvertHernandez"]
[Black "MiguelEduardoGB"]
[Result "0-1"]
[WhiteElo "1958"]
[BlackElo "2159"]
[TimeControl "180+1"]
[EndTime "9:31:49 PST"]
[Termination "MiguelEduardoGB won by resignation"]

1. e4 c6 2. Nf3 d5 3. exd5 cxd5 4. d4 Nf6 5. Bd3 Bg4 6. O-O Nc6 7. c3 e6 8. Nbd2 a6 9. Re1 Bd6 10. Nf1 O-O 11. Ne3 Bh5 12. Bd2 Rc8 13. Qb1 Bxf3 14. gxf3 Ne7 15. Ng4 Ng6 16. Bg5 Be7 17. Ne5 Nd7 18.
Bxe7 Qxe7 19. Qc1 Ndxe5 20. dxe5 Qh4 21. Bxg6 fxg6 22. Re3 Qh3 23. f4 Qg4+ 24. Rg3 Qxf4 25. Qxf4 Rxf4 26. Re1 b5 27. Kg2 Rcf8 28. Re2 R8f5 29.
Rge3 g5 30. h3 g4 31. hxg4 Rxg4+ 32. Rg3 Rxg3+ 33. Kxg3 Kf7 34. f4 g5 35. fxg5 Rxg5+ 36. Kf4 Kg6 37. Rh2 h5 38. Re2 Rg4+ 39. Kf3 Kg5 40. b3 h4 41. Ke3 Re4+ 42. Kd3 Rxe2 43. Kxe2 Kg4 44. Kf2 Kf4 45. Kg2 Kxe5 46. Kh3 Ke4 47.
Kxh4 Kd3 48. Kg5 e5 49. Kf6 e4 50. Ke5 e3 51. Kxd5 e2 52. c4 bxc4 53. bxc4 e1=Q 54.
c5 Qe7 55. c6 Qc7 56. Kc5 Kc3 57. a4 Kb3 58. a5 Ka4 0-1

[Event "Early-Titled-Tuesday-Blitz-February-13-2024"]
[Site "Chess.com"]
[Date "2024.02.13"]
[Round "8"]
[White "SirGerhard"]
[Black "shimastream"]
[Result "0-1"]
[WhiteElo "2801"]
[BlackElo "2994"]
[TimeControl "180+1"]
[EndTime "9:31:50 PST"]
[Termination "shimastream won by resignation"]

1. d4 Nf6 2. c4 g6 3. Nc3 Bg7 4. e4 d6 5. f3 O-O 6. Bg5 c5 7. d5 e6 8. Qd2 h6 9. Be3 exd5 10. cxd5 a6 11. a4 h5 12. Bd3 Nbd7 13. Nge2 Ne5 14. O-O h4 15. b3 Bd7 16. a5 Rb8 17. Bc2 Bb5 18. h3 Nh5 19. Nxb5 axb5 20. Bg5 Bf6 21. Bh6 Re8 22. f4 Nd7 23. e5 dxe5 24.
f5 e4 25. fxg6 fxg6 26. Rae1 Qe7 27. Nf4 Bd4+ 28. Kh2 Ng3 29. Ne6 Qd6 30. Bf4 Nxf1+ 31. Rxf1 Qxd5 32. Nxd4 Qxd4 33. Qe2 Nf6 34. Rd1 Qc3 35.
Bxb8 Rxb8 36. Rd6 Qe5+ 0-1

[Event "Early-Titled-Tuesday-Blitz-February-13-2024"]
[Site "Chess.com"]
[Date "2024.02.13"]
[Round "8"]
[White "regenda"]
[Black "Dewarfd"]
[Result "1-0"]
[WhiteElo "2147"]
[BlackElo "2155"]
[TimeControl "180+1"]
[EndTime "9:31:50 PST"]
[Termination "regenda won on time"]

1. Nf3 Nf6 2. c4 g6 3. Nc3 c5 4. g3 Bg7 5. Bg2 O-O 6. O-O e6 7. Rb1 d5 8. b3 b6 9. d4 cxd4 10.
Nxd4 Bb7 11. Ba3 Re8 12. Ndb5 Bf8 13. Bxf8 Rxf8 14. cxd5 a6 15. Na3 Nxd5 16. Nxd5 Bxd5 17. Bxd5 exd5 18. Rc1 Re8 19. e3 a5 20. Nb5 Na6 21. Qd4 Nb4 22. Nc7 Re4 23. Qxb6 Qb8 24. Nxa8 Qxa8 25.
a3 Nd3 26. Rc7 Qf8 27. Qxa5 Ne5 28. Qxd5 Nf3+ 29. Kg2 Qe8 30. Rfc1 1-0

[Event "Early-Titled-Tuesday-Blitz-February-13-2024"]
[Site "Chess.com"]
[Date "2024.02.13"]
[Round "8"]
[White "baki83"]
[Black "PabloZarnicki"]
[Result "1-0"]
[WhiteElo "2844"]
[BlackElo "2639"]
[TimeControl "180+1"]
[EndTime "9:31:51 PST"]
[Termination "baki83 won by checkmate"]

1. e4 e6 2. d4 d5 3. Nd2 Nc6 4. Ngf3 Nf6 5. e5 Nd7 6. c3 f6 7. exf6 Qxf6 8. Bd3 Bd6 9. Qc2 e5 10. Bxh7 e4 11. Bxe4 dxe4 12. Nxe4 Qg6 13. Bg5 O-O 14.
O-O-O Bf4+ 15. Bxf4 Rxf4 16. Rde1 Nf6 17. Nxf6+ Rxf6 18. Qxg6 Rxg6 19. d5 Na5 20. Re8+ Kh7 21. g3 Nc4 22. h4 Rf6 23. Ng5+ Kg6 24. f4 Nd6 25. h5+ Kf5 26. Re5+ Kg4 27. Re3 Nc4 28. Rh4+ Kf5 29. Re4 Ra6 30. Rxc4 Kf6 31. Rxc7 Rxa2 32. Rf7# 1-0

[Event "Early-Titled-Tuesday-Blitz-February-13-2024"]
[Site "Chess.com"]
[Date "2024.02.13"]
[Round "8"]
[White "deribas12345"]
[Black "Matibar"]
[Result "0-1"]
[WhiteElo "2601"]
[BlackElo "2768"]
[TimeControl "180+1"]
[EndTime "9:31:55 PST"]
[Termination "Matibar won on time"]

1. d4 e6 2. c4 b6 3. e4 Bb7 4. f3 Bb4+ 5. Bd2 Bxd2+ 6. Qxd2 f5 7. exf5 Nh6 8. fxe6 dxe6 9. Bd3 O-O 10. Ne2 Nc6 11. Nbc3 Nf5 12. Bxf5 Rxf5 13. O-O Qh4 14.
Ng3 Rf6 15. Rfd1 Rd8 16. d5 Qxc4 17. Nce4 Rff8 18. Rac1 Qxd5 19. Qg5 Nd4 20. Qxd5 Rxd5 21. Rxc7 Nxf3+ 22. gxf3 Rxd1+ 23. Kf2 Bxe4 24. Nxe4 h6 25. Rxa7 Rb1 26. b4 Rxb4 27. Kg3 Rd4 0-1

[Event "Early-Titled-Tuesday-Blitz-February-13-2024"]
[Site "Chess.com"]
[Date "2024.02.13"]
[Round "8"]
[White "giomar27"]
[Black "SlavenPastar"]
[Result "1/2-1/2"]
[WhiteElo "2476"]
[BlackElo "2603"]
[TimeControl "180+1"]
[EndTime "9:31:57 PST"]
[Termination "Game drawn by repetition"]

1. Nc3 b6 2. d4 Bb7 3. Bf4 e6 4. e3 Nf6 5. f3 Nh5 6. Bg3 Nxg3 7. hxg3 c5 8. d5 d6 9. e4 exd5 10. exd5 Nd7 11. Bd3 Qg5 12. g4 g6 13. Nge2 a6 14. Ne4 Qxd5 15. N2c3 Qe5 16. Bc4 Nf6 17. O-O Nxe4 18. Nxe4 O-O-O 19. Bxf7 Bg7 20. c3 Rhf8 21. Bb3 Bxe4 22. fxe4 Qxe4 23. Re1 Qf4 24. Qd5 Qf2+ 25.
Kh2 Kb8 26. Qc6 Be5+ 27. Rxe5 dxe5 28. Qxb6+ Ka8 29. Qxa6+ Kb8 30. Qb6+ Ka8 31. Qa6+ Kb8 32. Qb6+ Ka8 33. Qa6+ 1/2-1/2

[Event "Early-Titled-Tuesday-Blitz-February-13-2024"]
[Site "Chess.com"]
[Date "2024.02.13"]
[Round "8"]
[White "TitarovVasiliYouTube"]
[Black "maxip32"]
[Result "0-1"]
[WhiteElo "2519"]
[BlackElo "2673"]
[TimeControl "180+1"]
[EndTime "9:31:58 PST"]
[Termination "maxip32 won on time"]

1. Nf3 Nf6 2. g3 b5 3. Bg2 Bb7 4. O-O e6 5. a4 b4 6. c3 c5 7. d4 bxc3 8. bxc3 cxd4 9. cxd4 Be7 10. Nc3 O-O 11. Bf4 Nc6 12. d5 exd5 13. Nxd5 Nxd5 14.
Qxd5 Na5 15. Qd3 Re8 16. Rfd1 Bf6 17. Rac1 Bc6 18. Nd4 Bxg2 19. Kxg2 Qb6 20. Nb5 Rac8 21.
Rxc8 Rxc8 22. Be3 Qb8 23. Qxd7 Rd8 24. Qxa7 Qc8 25. Rxd8+ Qxd8 26. f3 Nc6 27. Qb6 Qe8 28. Nd6 Qd7 29. Ne4 Bd8 30. Qc5 h6 31. Qd6 Qc8 32. Qc5 Qd7 33. Qd6 Qe8 34. Kf2 Ne5 35. Qd5 Nc6 36. Nd6 Qd7 37. Qc5 Be7 38. Bf4 g5 0-1

[Event "Early-Titled-Tuesday-Blitz-February-13-2024"]
[Site "Chess.com"]
[Date "2024.02.13"]
[Round "8"]
[White "abeljusto"]
[Black "McCarthyStone"]
[Result "0-1"]
[WhiteElo "2051"]
[BlackElo "2361"]
[TimeControl "180+1"]
[EndTime "9:31:58 PST"]
[Termination "McCarthyStone won by checkmate"]

1. e4 c5 2. Nf3 d6 3. d4 cxd4 4. Nxd4 Nf6 5. Nc3 a6 6. Bc4 e6 7. Bb3 Nbd7 8. f4 Nc5 9. Qe2 Be7 10. O-O O-O 11. Kh1 Qc7 12. Be3 Ncxe4 13. Nxe4 Nxe4 14. f5 Nc5 15. f6 Bxf6 16. Rxf6 gxf6 17. Bh6 f5 18. Qh5 f6 19. Nxf5 Rf7 20. Qg4+ Kh8 21.
Nd4 e5 22. Nf5 Bxf5 23. Qxf5 Nxb3 24. axb3 Qd7 25. Qf3 Rg8 26. Rd1 Qg4 27. Qe3 Qxg2# 0-1

[Event "Early-Titled-Tuesday-Blitz-February-13-2024"]
[Site "Chess.com"]
[Date "2024.02.13"]
[Round "8"]
[White "Barbix1"]
[Black "Canal_Showdrez"]
[Result "1/2-1/2"]
[WhiteElo "2285"]
[BlackElo "2089"]
[TimeControl "180+1"]
[EndTime "9:32:00 PST"]
[Termination "Game drawn by repetition"]

1. d4 Nf6 2. Nf3 g6 3. Bf4 Bg7 4. e3 d6 5. h3 c5 6. Nbd2 cxd4 7.
exd4 Qb6 8. Nb3 Nc6 9. c3 O-O 10. Be2 e5 11. dxe5 dxe5 12. Bh2 e4 13. Nfd4 Nxd4 14.
Qxd4 Rd8 15. Qxb6 axb6 16. Bb5 Bd7 17. Bxd7 Rxd7 18. Ke2 Ne8 19. Rhd1 Rad8 20. Rxd7 Rxd7 21. Rd1 Rxd1 22. Kxd1 f5 23. Nd2 b5 24. Kc2 Kf7 25.
Kb3 Nf6 26. Kb4 Ke6 27. Kxb5 Kd5 28. Nb3 g5 29. c4+ Ke6 30. Nc5+ Ke7 31. b4 f4 32. Kb6 e3 33. fxe3 fxe3 34. Bg3 Bf8 35. Kxb7 Kf7 36. a4 Bxc5 37. bxc5 Ne4 38. Be1 Nxc5+ 39.
Kc6 Nxa4 40. Kd5 Nb2 41. Kd4 e2 42. c5 Na4 43. Kc4 Ke6 44. Kb4 Nb2 45. Kc3 Na4+ 46.
Kb4 Nb2 47. Kc3 Na4+ 48. Kb4 1/2-1/2